 Dungeon Crawl Stone Soup version 0.27-b1-42-g19c61b19a5 (webtiles) character file.

Game seed: 11828750350336036072

77 pikapanic the Grave Robber (level 4, -3/24 HPs)
             Began as a Vampire Necromancer on July 29, 2021.
             Slain by Grinder (6 damage)
             ... on level 5 of the Dungeon.
             The game lasted 00:14:20 (2916 turns).

pikapanic the Grave Robber (Vampire Necromancer)    Turns: 2916, Time: 00:14:20

Health: -3/24      AC:  2    Str:  7    XL:     4   Next: 13%
Magic:  4/8        EV: 12    Int: 18    God:
Gold:   154        SH:  0    Dex: 14    Spells: 3/9 levels left

rFire    . . .     SeeInvis +   b - +1 dagger
rCold    + + .     Faith    .   (no shield)
rNeg     + + +     Spirit   .   a - +0 robe
rPois    ∞         Reflect  .   (no helmet)
rElec    .         Harm     .   (no cloak)
rCorr    .         Rampage  .   (no gloves)
Will     .....                  (no boots)
Stlth    ++++......             (no amulet)
HPRegen  0.00/turn              (no ring)
MPRegen  0.11/turn              (no ring)

@: bloodless, inhibited regen
A: bloodless, fangs 3, see invisible, vampiric 2
a: Bat Form, Revivify


You were on level 5 of the Dungeon.
You visited 1 branch of the dungeon, and saw 5 of its levels.

You collected 154 gold pieces.

Inventory:

Hand Weapons
 b - a +1 dagger (weapon)
Armour
 a - a +0 robe (worn)
Scrolls
 e - a scroll of immolation {unknown}
 f - a scroll of noise
 h - a scroll of enchant weapon
 i - 3 scrolls of identify
Potions
 c - a potion of heal wounds {unknown}
 d - a potion of cancellation {unknown}
 g - a potion of berserk rage {unknown}


   Skills:
 - Level 2.3 Dodging
 - Level 3.0 Stealth
 + Level 3.1 Spellcasting
 + Level 5.3 Necromancy


You had 3 spell levels left.
You knew the following spells:

 Your Spells              Type           Power      Damage    Failure   Level
a - Pain                  Necr           88%        1d8       1%          1
b - Animate Skeleton      Necr           44%        N/A       1%          1
c - Foxfire               Conj/Fire      8%         2x1d4     16%         1
d - Vampiric Draining     Necr           11%        2d7       5%          3

Your spell library contained the following spells:

 Spells                   Type           Power      Damage    Failure   Level
 Freeze                   Ice            8%         1d3       16%         1
 Frozen Ramparts          Ice            4%         1d2       43%         3
 Animate Dead             Necr           11%        N/A       19%         4
 Agony                    Necr           22%        N/A       45%         5
 Hailstorm                Conj/Ice       2%         3d3       85%         4


Dungeon Overview and Level Annotations

Branches:
Dungeon (5/15)
 Temple: D:4-7

Altars:

Annotations:
D:4 Pikel, Sigmund
D:5 Grinder


Innate Abilities, Weirdness & Mutations

You do not regenerate when monsters are visible.
You are frail without blood (-20% HP).
You can heal yourself when you bite living creatures.
You are immune to poison.
You have razor-sharp teeth.
You have supernaturally acute eyesight. (SInv)
You are afflicted with vampirism and can become a bat while bloodless.


Message History

Press: ? - help, Q - select action, (/) - cycle Shift-Dir - straight line, f/p - Sigmund
Aim: Sigmund, wielding a +0 scythe and wearing a +0 robe (moderately wounded, chance to affect: 87%) Sigmund writhes in agony!
Aiming: Pain (safe; 1% risk of failure)
Press: ? - help, Q - select action, (/) - cycle Shift-Dir - straight line, f/p - Sigmund
Aim: Sigmund, wielding a +0 scythe and wearing a +0 robe (heavily wounded, chance to affect: 87%) Sigmund writhes in agony.
A lemure comes into view.
Pikel the Slaver comes into view.
He is wielding a +2 whip of electrocution.
A scorpion comes into view.
Aiming: Pain (safe; 1% risk of failure)
Press: ? - help, Q - select action, (/) - cycle Shift-Dir - straight line, f/p - Sigmund
Aim: Sigmund, wielding a +0 scythe and wearing a +0 robe (severely wounded, chance to affect: 87%) Sigmund writhes in agony.
Pikel shouts!
The lemure shouts!
Sigmund gestures at you while chanting. The magic dart hits you.
A ball python comes into view.
Pikel says, "Antaeus said I was his favorite kobold.
Me!"
Sigmund hits you from afar with a +0 scythe.
The lemure hits you.
* * * LOW HITPOINT WARNING * * *
The lemure hits you but does no damage.
There is a stone staircase leading down here.
Sigmund misses you. The lemure misses you. The lemure hits you.
* * * LOW HITPOINT WARNING * * *
Pikel says, "Hell isn't that bad."
The lemure hits you but does no damage.
You climb downwards.
You hear the hiss of flowing sand.
There is an entrance to an ossuary on this level.
Hurry and find it before the portal is buried!
Grinder comes into view.
Grinder shouts!
Found a fuming coppery potion.
Found a stone staircase leading up and a stone staircase leading down.
There is a stone staircase leading up here.
The lemure closely misses you. The lemure hits you but does no damage.
The lemure barely misses you. Grinder hits you.
You die...

#. #. #. #!
#. #.###
#.55# #@.#
#...55..#
#...........
#<......####
#.....###
......#
.#..#.##
###.>#.#


You could see Grinder and 3 lemures.

Vanquished Creatures
  An adder (D:2)
  2 worms
  7 ball pythons
  6 bats
  3 endoplasms
  A giant cockroach (D:2)
  7 goblins
  5 hobgoblins
  4 jackals (D:1)
  A quokka (D:2)
  5 frilled lizards
  9 kobolds
  6 rats
57 creatures vanquished.

Vanquished Creatures (others)
  5 foxfires
  A fungus (D:1)
6 creatures vanquished.

Grand Total: 63 creatures vanquished

Notes
Turn   | Place    | Note
-------+----------+-------------------------------------------
     0 | D:1      | pikapanic the Vampire Necromancer began the quest for the
                  | Orb.
     0 | D:1      | Reached XP level 1. HP: 13/13 MP: 3/3
   213 | D:1      | Reached XP level 2. HP: 15/15 MP: 0/5
   516 | D:1      | Reached skill level 5 in Necromancy
   518 | D:1      | Learned a level 1 spell: Animate Skeleton
   686 | D:1      | Found a faded altar of an unknown god.
   733 | D:1      | Got Plato's Reference Book on Arcane Weapons
   742 | D:1      | Learned a level 1 spell: Foxfire
   790 | D:1      | Gained mutation: You are afflicted with vampirism and can
                  | become a bat while bloodless. [Vampire growth]
   790 | D:1      | Reached XP level 3. HP: 18/19 MP: 3/6
  2155 | D:3      | Reached XP level 4. HP: 19/24 MP: 1/8
  2391 | D:3      | Learned a level 3 spell: Vampiric Draining
  2901 | D:4      | Noticed Sigmund
  2901 | D:4      | Noticed a lemure
  2901 | D:4      | Noticed a lemure
  2903 | D:4      | Noticed a lemure
  2905 | D:4      | Noticed a lemure
  2905 | D:4      | Noticed Pikel
  2905 | D:4      | Noticed a scorpion
  2915 | D:5      | Entered Level 5 of the Dungeon
  2915 | D:5      | Noticed Grinder
  2916 | D:5      | Slain by Grinder

Illustrated notes

Levels and vault maps discovered:
D:1:      dpeg_arrival_yet_another_circle, layout_basic,
          shapermc_ecumenical_altar_rom_forum, st_stairs_11,
          grunt_decor_fettered
D:2:      layout_rooms, st_stairs_13
D:3:      layout_loops_ring, kennysheep_doodads, minmay_misc_feat_iff
D:4:      layout_layer_cave, bloody_makhleb, mainiacjoe_overflow_brackets,
          ebering_ghost_rock_garden, uniq_duvessa, uniq_crazy_yiuf_cottage,
          uniq_pikel, uniq_sigmund, uniq_blork_the_orc
D:5:      layout_loops_ring, elyvilon_altar_1, minmay_temple_entry_antechambers,
          serial_shops, shop, nicolae_ossuary_entry_false_entrances,
          minmay_crystal_room, uniq_grinder

Skill      XL: |  1  2  3 |
---------------+----------+-----
Necromancy     | 5 |  5.3
Spellcasting   | 3 |  3.1
Dodging        | |  2.3
Stealth        | |  3.0

Action                   |  1- 3 |  4- 6 || total
-------------------------+-------+-------++-------
Melee: Unarmed           |     1 |       ||     1
       Dagger            |     2 |       ||     2
 Cast: Pain              |    85 |    14 ||    99
       Foxfire           |     3 |       ||     3
       Vampiric Draining |       |     2 ||     2
 Abil: Exsanguinate      |     1 |       ||     1
  Use: Scroll            |     3 |       ||     3
Armor: Robe              |     4 |     3 ||     7
Dodge: Dodged            |    26 |     4 ||    30
